 Dungeon Crawl Stone Soup version 0.30.0-10-gfe55d96785 (webtiles) character file.

Game seed: 4829783462010770153

3588 Darkkill the Skirmisher (level 9, -9/79 HPs)
             Began as a Minotaur Hunter on May 15, 2023.
             Was an Initiate of Gozag.
             Mangled by a polar bear (26 damage)
             ... on level 8 of the Dungeon.
             The game lasted 00:06:39 (6638 turns).

Darkkill the Skirmisher (Minotaur Hunter)           Turns: 6638, Time: 00:06:40

Health: -9/79      AC:  8    Str: 15    XL:     9   Next: 85%
Magic:  8/8        EV: 17    Int: 10    God:    Gozag
Gold:   237        SH:  0    Dex: 21    Spells: 8/8 levels left

rFire   . . .        a - +3 shortbow (heavy)
rCold   . . .        (shield currently unavailable)
rNeg    . . .        v - +2 robe "Imeuss" {Regen+ Int+4 Dex+2}
rPois   .            (helmet restricted)
rElec   .            s - +1 cloak
rCorr   .            p - +1 pair of gloves
SInv    .            (no boots)
Will    .....        (no amulet)
Stlth   +++          (no ring)
HPRegen 1.13/turn    (no ring)
MPRegen 0.11/turn

%: no passive effects
@: no status effects
A: horns 2, retaliatory headbutt
a: Renounce Religion, Potion Petition, Call Merchant, Bribe Branch


You were on level 8 of the Dungeon.
You worshipped Gozag.
Gozag was aware of your devotion.
You visited 2 branches of the dungeon, and saw 9 of its levels.

You collected 1198 gold pieces.
You spent 168 gold pieces at shops.
You paid 793 gold pieces to Gozag.

Inventory:

Hand Weapons
 a - a +3 heavy shortbow (weapon)
 b - the +7 whip of the Tent {heavy, Dex+3}
   (You found it on level 2 of the Dungeon)

   Dex:       It affects your dexterity (+3).
Missiles
 e - 105 stones
 l - 22 poisoned darts
 m - 3 curare-tipped darts {=f !f}
 q - 8 boomerangs
Armour
 p - a +1 pair of gloves (worn)
 s - a +1 cloak (worn)
 v - the +2 robe "Imeuss" (worn) {Regen+ Int+4 Dex+2}
   (You found it on level 6 of the Dungeon)

   Int:       It affects your intelligence (+4).
   Dex:       It affects your dexterity (+2).
   Regen:     It increases your rate of health regeneration.
Jewellery
 w - an amulet of the acrobat
Wands
 i - a wand of flame (22)
Scrolls
 c - a scroll of identify {@r1}
 k - 2 scrolls of immolation
 o - a scroll of teleportation
 x - a scroll of fear
Potions
 d - 2 potions of might
 f - 2 potions of invisibility
 g - a potion of haste
 h - 2 potions of heal wounds
 j - 3 potions of lignification
 n - 2 potions of curing {@q1}
 r - 3 potions of mutation
 t - a potion of berserk rage
 u - 3 potions of flight
 z - a potion of magic


   Skills:
 + Level 7.5 Fighting
 + Level 12.5 Ranged Weapons
 + Level 6.8 Dodging
 + Level 5.4 Stealth


You had 8 spell levels left.
You didn't know any spells.
Your spell library contained the following spells:

 Spells                   Type           Power      Damage    Failure   Level
 Scorch                   Fire           0%         2d5       50%         2
 Sublimation of Blood     Necr           0%         N/A       50%         2
 Dazzling Flash           Conj/Hex       0%         N/A       75%         3
 Flame Wave               Conj/Fire      0%         2d4       98%         4
 Petrify                  Tmut/Erth      0%         N/A       98%         4
 Agony                    Necr           0%         N/A       100%        5
 Irradiate                Conj/Tmut      0%         3d11      100%        5
 Silence                  Hex/Air        0%         N/A       100%        5
 Conjure Ball Lightning   Conj/Air       0%         3x3d6     100%        6
 Summon Cactus Giant      Summ           0%         N/A       100%        6
 Discord                  Hex            0%         N/A       100%        8
 Disjunction              Tloc           0%         N/A       100%        8


Dungeon Overview and Level Annotations

Branches:
Dungeon (8/15)             Temple (0/1) D:7            Lair (1/5) D:8

Altars:
Dithmenos
Gozag
Okawaru
Ru
Sif Muna
Trog
Vehumet
Wu Jian
Yredelemnul
Zin

Shops:
D:1 (   D:2 (   D:7 (


Innate Abilities, Weirdness & Mutations

You have a pair of horns on your head.
You reflexively headbutt those who attack you in melee.


Message History

The yak gores you but does no damage. The yak gores you.
You climb upwards.
Welcome back to the Dungeon!
There is a staircase to the Lair here.
You shoot an arrow. The arrow hits the yak!!
You kill the yak!
The yak completely misses you. The yak gores you but does no damage.
The yak is distracted by your dazzling golden aura.
The yak gores you. x2
The yak is distracted by your dazzling golden aura.
The yak misses you. You furiously retaliate!
You headbutt the yak.
The yak bellows!
You shoot an arrow. The arrow hits the yak!
The yak is heavily wounded.
The yak is no longer distracted by gold.
The yak gores you. The yak gores you but does no damage.
You shoot an arrow. The arrow hits the yak!!
The yak is almost dead.
The yak closely misses you. You furiously retaliate!
You headbutt the yak! The yak gores you.
You shoot an arrow. The arrow hits the yak!!
You kill the yak!
The yak is no longer distracted by gold.
The yak gores you!
The yak is distracted by your dazzling golden aura.
You see here 13 gold pieces.
The yak barely misses you. You furiously retaliate!
You headbutt the yak!
The yak bellows!
You see here 12 gold pieces.
You shoot an arrow. The arrow hits the yak!!
You kill the yak!
The yak gores you but does no damage. The yak closely misses you.
The yak gores you.
There is a staircase to the Lair, spattered with blood here.
You see here 19 gold pieces.
You shoot an arrow. The arrow hits the yak!
The yak is almost dead.
The yak gores you but does no damage.
You shoot an arrow. The arrow hits the yak.
The yak is almost dead.
The yak misses you. You furiously retaliate!
You headbutt the yak!
You kill the yak!
You now have 193 gold pieces (gained 10).
You now have 206 gold pieces (gained 13).
You now have 218 gold pieces (gained 12).
You now have 237 gold pieces (gained 19).
There is a staircase to the Lair, spattered with blood here.
You start resting.
HP restored.
There is a staircase to the Lair, spattered with blood here.
There is a staircase to the Lair, spattered with blood here.
You can't go up here!
You climb downwards.
Welcome back to the Lair of Beasts!
The polar bear closely misses you.
The polar bear claws you but does no damage.
The polar bear closely misses you. The yak completely misses you.
The yak barely misses you. You furiously retaliate!
You headbutt the yak! The yak gores you! The polar bear closely misses you.
The polar bear claws you but does no damage.
The polar bear misses you.
There is a staircase back to the Dungeon, spattered with blood here.
The yak gores you but does no damage. The yak closely misses you.
The polar bear closely misses you. The polar bear claws you.
The polar bear claws you but does no damage.
You climb upwards.
Welcome back to the Dungeon!
There is a staircase to the Lair, spattered with blood here.
The yak barely misses you. You furiously retaliate!
You headbutt the yak, but do no damage. The polar bear bites you!
The polar bear barely misses you. The polar bear closely misses you.
You shoot an arrow. The arrow hits the polar bear.
The polar bear is lightly wounded.
The yak gores you! x2; The polar bear closely misses you.
You furiously retaliate!
You headbutt the polar bear. The polar bear misses you.
The polar bear barely misses you.
You shoot an arrow. The arrow hits the polar bear!!
The polar bear is severely wounded.
The yak gores you but does no damage. The yak gores you.
The polar bear bites you!
The polar bear claws you but does no damage. x2
You shoot an arrow. The arrow hits the polar bear!
The polar bear is almost dead.
The yak gores you!
* * * LOW HITPOINT WARNING * * *
The yak completely misses you.
The polar bear goes berserk!
The yak completely misses you. The yak gores you but does no damage.
The polar bear barely misses you. The polar bear closely misses you.
The polar bear barely misses you.
You feel much better. The polar bear bites you!!
* * * LOW HITPOINT WARNING * * *
The polar bear closely misses you.
The polar bear claws you but does no damage.
The yak closely misses you. The yak gores you.
* * * LOW HITPOINT WARNING * * *
You feel much better. The polar bear bites you.
The polar bear closely misses you.
The polar bear claws you but does no damage.
The yak gores you!
* * * LOW HITPOINT WARNING * * *
The yak gores you but does no damage. The polar bear bites you!!
You die...
Your body crumbles into a pile of gold.

#..#..................
#..#..................
#..#....#####.........
#..'....#...##'##.....
#..#....#.......'.....
#..#....#.......#.....
#..#....#...#####.....
#..#....#...#.........
#..#.@Y.#...#.........
#..#.hY.#>..#.........
#..#....#...#.........
#..#....#...#....#+###
#..#....#...#....'...#
#..#....'...#....#...#
#..#....#...#....#...#
#..#....#...#....##+##
#..#....#####....#...#


You could see a polar bear (berserk) and 2 yaks.

Vanquished Creatures
  A troll (D:8)
  Grinder (D:4)
  4 yaks (D:8)
  2 steam dragons
  Edmund (D:4)
  2 sky beasts (D:7)
  An ice beast (D:4)
  A black bear (D:7)
  3 ogres
  2 kobold brigands
  3 bullfrogs
  4 scorpions
  A gnoll sergeant (D:6)
  3 wights (D:5)
  A howler monkey (D:7)
  4 hounds
  An orc priest (D:6)
  2 jellies
  5 iguanas
  Terence (D:2)
  2 sleepcaps (D:7)
  3 orc wizards
  Robin (D:2)
  6 gnolls
  7 adders
  2 shadow imps
  3 white imps
  2 worms
  17 orcs
  4 ball pythons
  4 endoplasms
  4 giant cockroaches
  15 goblins
  4 hobgoblins
  4 jackals (D:2)
  3 quokkas
  2 bats
  3 frilled lizards
  24 kobolds
  4 rats
157 creatures vanquished.

Notes
Turn   | Place    | Note
-------+----------+-------------------------------------------
     0 | D:1      | Darkkill the Minotaur Hunter began the quest for the Orb.
     0 | D:1      | Reached XP level 1. HP: 18/18 MP: 0/0
    82 | D:1      | Reached skill level 1 in Stealth
   158 | D:1      | Reached XP level 2. HP: 25/25 MP: 1/1
   433 | D:1      | Found Gekkakhuac's Weapon Boutique.
   552 | D:1      | Reached skill level 10 in Ranged Weapons
   552 | D:1      | Reached XP level 3. HP: 30/30 MP: 2/2
   572 | D:2      | Reached skill level 11 in Ranged Weapons
   619 | D:2      | Found a bloodstained altar of Trog.
   660 | D:2      | Reached XP level 4. HP: 37/37 MP: 3/3
   660 | D:2      | Noticed Terence
   663 | D:2      | Noticed Robin
   677 | D:2      | Killed Terence
   679 | D:2      | Killed Robin
   985 | D:2      | Identified the +7 whip of the Tent {heavy, Dex+3}
  1055 | D:2      | Found Lioxetar's Antique Weapon Shop.
  1217 | D:3      | Found a basalt altar of Yredelemnul.
  1356 | D:3      | Reached XP level 5. HP: 45/45 MP: 4/4
  1824 | D:4      | Reached XP level 6. HP: 51/51 MP: 5/5
  1897 | D:4      | Noticed an ice beast
  1909 | D:4      | Killed an ice beast
  2035 | D:4      | Noticed Grinder
  2043 | D:4      | Paralysed by Grinder for 2 turns
  2049 | D:4      | Killed Grinder
  2050 | D:4      | Reached XP level 7. HP: 14/60 MP: 6/6
  2332 | D:4      | Noticed Edmund
  2343 | D:4      | Killed Edmund
  2660 | D:5      | Entered Level 5 of the Dungeon
  2944 | D:5      | Found an opulent altar of Gozag.
  2958 | D:5      | Became a worshipper of Gozag Ym Sagoz the Greedy
  2970 | D:5      | Reached skill level 5 in Fighting
  2980 | D:5      | Reached XP level 8. HP: 65/68 MP: 7/7
  3102 | D:5      | Found Ogaaps's General Store.
  3648 | D:6      | Identified the +2 robe "Imeuss" {Regen+ Int+4 Dex+2}
  3718 | D:6      | Reached skill level 5 in Dodging
  3842 | D:6      | Found a shadowy altar of Dithmenos.
  3929 | D:6      | Found a shimmering blue altar of Sif Muna.
  4373 | D:7      | Found a radiant altar of Vehumet.
  4417 | D:7      | Reached skill level 12 in Ranged Weapons
  4433 | D:7      | Reached XP level 9. HP: 78/78 MP: 8/8
  4453 | D:7      | Found a staircase to the Ecumenical Temple.
  4534 | D:7      | Found a glowing silver altar of Zin.
  4764 | D:7      | Found an iron altar of Okawaru.
  5213 | D:7      | Found an ornate altar of the Wu Jian Council.
  5334 | D:7      | Bought a runed shortbow for 168 gold pieces
  5383 | D:8      | Reached skill level 5 in Stealth
  5421 | D:8      | Noticed a troll
  5426 | D:8      | Killed a troll
  5813 | D:8      | Found a sacrificial altar of Ru.
  5877 | D:8      | Found a staircase to the Lair.
  6576 | Lair:1   | Entered Level 1 of the Lair of Beasts
  6576 | Lair:1   | Noticed a polar bear
  6637 | D:8      | HP: 15/79 [yak (6)]
  6638 | D:8      | Mangled by a polar bear

Illustrated notes

Levels and vault maps discovered:
D:1:      ncdulo_watergridlock, layout_rooms, serial_shops, shop
D:2:      layout_basic, serial_shops, nicolae_shop_hallway_stairs, basic_altar,
          uniq_terence, uniq_robin
D:3:      layout_loops_cross, mainiacjoe_overflow_small_starburst
D:4:      layout_basic, serial_park_tiny_pond, uniq_edmund, uniq_grinder
D:5:      layout_loops_cross, grunt_gozag_breadcrumbs, serial_shops, shop
D:6:      layout_loops_cross, lemuel_crystal_altar,
          nicolae_dithmenos_through_a_glass_darkly
D:7:      layout_loops_ring, old_standard_altar, zin_academy,
          okawaru_altar_gauntlet_db, nzn_wu_jian_contemplation,
          minmay_temple_entry_trees, minmay_puff
D:8:      layout_gridville, kennysheep_little_box, lair_entry_dummy
Lair:1:   layout_cave_pods, gammafunk_ghost_necromancy

Skill      XL: |  1  2  3  4  5  6  7  8  9 |
---------------+----------------------------+-----
Stealth        | 1 2 3 4 5 |  5.4
Ranged Weapons | 10 11 12 | 12.5
Fighting       | 3 4 5 6 7 |  7.5
Dodging        | 3 4 5 6 |  6.8

Action                     |  1- 3 |  4- 6 |  7- 9 || total
---------------------------+-------+-------+-------++-------
   Fire: Shortbow          |    53 |   125 |   302 ||   480
 Invoke: Call Merchant     |       |       |     1 ||     1
    Use: Scroll            |     2 |     6 |    15 ||    23
         Potion            |     1 |       |     6 ||     7
 Armour: Leather armour    |     1 |    13 |     3 ||    17
         Robe              |       |       |    40 ||    40
  Dodge: Dodged            |     8 |    32 |   110 ||   150

Levels and vault maps discovered:
D:1:      ncdulo_watergridlock, layout_rooms, serial_shops, shop
D:2:      layout_basic, serial_shops, nicolae_shop_hallway_stairs, basic_altar,
          uniq_terence, uniq_robin
D:3:      layout_loops_cross, mainiacjoe_overflow_small_starburst
D:4:      layout_basic, serial_park_tiny_pond, uniq_edmund, uniq_grinder
D:5:      layout_loops_cross, grunt_gozag_breadcrumbs, serial_shops, shop
D:6:      layout_loops_cross, lemuel_crystal_altar,
          nicolae_dithmenos_through_a_glass_darkly
D:7:      layout_loops_ring, old_standard_altar, zin_academy,
          okawaru_altar_gauntlet_db, nzn_wu_jian_contemplation,
          minmay_temple_entry_trees, minmay_puff
D:8:      layout_gridville, kennysheep_little_box, lair_entry_dummy
Lair:1:   layout_cave_pods, gammafunk_ghost_necromancy

Table legend: (Time is in decaauts)
 A = Elapsed time spent in this place.
 B = Non-inter-level travel time spent in this place.
 C = Inter-level travel time spent in this place.
 D = Time resting spent in this place.
 E = Time spent auto-exploring this place.
 F = Levels seen in this place.
 G = Mean time per level.
                   A        B        C        D        E       F      G
               +--------+--------+--------+--------+--------+-----+--------+
         Total |   6689 |   6142 |    547 |     52 |   5106 |   9 |  743.2 |
       Dungeon |   6679 |   6132 |    547 |     52 |   5106 |   8 |  834.9 |
          Lair |      9 |      9 |      0 |      0 |      0 |   1 |    9.0 |
               +--------+--------+--------+--------+--------+-----+--------+

Top non-repeatable levels by time:
     D:7: 1273 daAuts
     D:8: 1081 daAuts
     D:4: 880 daAuts
     D:6: 873 daAuts
     D:5: 782 daAuts
     D:3: 606 daAuts
     D:2: 606 daAuts
     D:1: 576 daAuts
  Lair:1: 9 daAuts

Table legend:
 A = Kills in this place as a percentage of kills in the entire game.
 B = Kills by you in this place as a percentage of kills by you in the entire game.
 C = Kills by friends in this place as a percentage of kills by friends in the entire game.
 D = Other kills in this place as a percentage of other kills in the entire game.
 E = Experience gained in this place as a percentage of experience gained in the entire game.
 F = Experience gained in this place divided by the number of levels of this place that you have seen.
                   A       B       C       D       E      F
               +-------+-------+-------+-------+-------+----------------------
         Total | 100.0 | 100.0 |   N/A |   N/A | 100.0 | 564.8
       Dungeon | 100.0 | 100.0 |   N/A |   N/A | 100.0 | 635.4
               +-------+-------+-------+-------+-------+----------------------
